[Event "ESTCC U65 2018"]
[Site "Walbrzych"]
[Date "2018.04.22"]
[Round "9"]
[White "Vehkalahti, Veli"]
[Black "Sorensen, Bent"]
[Result "1-0"]
[ECO "D02"]
[WhiteElo "1880"]
[BlackElo "2158"]
[Annotator "NA"]
[PlyCount "65"]
[EventDate "2018.??.??"]
[EventCountry "POL"]
[SourceTitle "playchess.com"]
[Source "ChessBase"]
[SourceQuality "1"]
[WhiteTeam "Finland"]
[BlackTeam "Denmark"]
[WhiteTeamCountry "FIN"]
[BlackTeamCountry "DEN"]
[TimeControl "40/5400+30:1800+30"]

1. d4 d5 2. Nf3 e6 3. Bf4 Bd6 4. Bg3 Nc6 5. e3 Nge7 6. Bd3 Bxg3 7. hxg3 Qd6 8. c3 e5 9. dxe5 Nxe5 10. Nxe5 Qxe5 11. Nd2 Qf6 12. Qa4+ Bd7 13. Qd4 Qxd4 14. cxd4 Bf5 15. Ke2 Bxd3+ 16. Kxd3 Rc8 17. Rac1 O-O 18. g4 Rfd8 19. Rh5 g6 20. Rh3 Kg7 21. Rch1 Rh8 22. g5 b6 23. Nf3 c5 24. Ne5 c4+ 25. Kd2 Nf5 26. f3 Rc7 27. Ng4 Re7 28. Nf6 Rxe3 29. Rxh7+ Rxh7 30. Rxh7+ Kf8 31. Rh8+ Ke7 32. Re8+ Kd6 33. Rxe3 1-0

[Event "ESTCC U65 2018"]
[Site "Walbrzych"]
[Date "2018.04.22"]
[Round "9"]
[White "Dalling, Peter"]
[Black "Alkkiomaki, Jyrki"]
[Result "1/2-1/2"]
[ECO "C27"]
[WhiteElo "1844"]
[BlackElo "1967"]
[Annotator "NA RC"]
[PlyCount "22"]
[EventDate "2018.??.??"]
[EventCountry "POL"]
[SourceTitle "playchess.com"]
[Source "ChessBase"]
[SourceQuality "1"]
[WhiteTeam "Sweden"]
[BlackTeam "Finland"]
[WhiteTeamCountry "SWE"]
[BlackTeamCountry "FIN"]
[TimeControl "40/5400+30:1800+30"]

1. e4 e5 2. Bc4 Nf6 3. Nc3 Nxe4 4. Bxf7+ Kxf7 5. Nxe4 d5 6. Qf3+ Ke8 7. Qh5+ Kd7 8. Qh3+ Ke8 9. Qh5+ Kd7 10. Qh3+ Ke8 11. Qh5+ Kd7 1/2-1/2

[Event "ESTCC U65 2018"]
[Site "Walbrzych"]
[Date "2018.04.22"]
[Round "9"]
[White "Fitzke, Ulrich"]
[Black "Pushkov, Nikolai"]
[Result "0-1"]
[ECO "A84"]
[WhiteElo "1827"]
[BlackElo "2304"]
[Annotator "ChessBase"]
[PlyCount "76"]
[EventDate "2018.??.??"]
[EventCountry "POL"]
[SourceTitle "playchess.com"]
[Source "ChessBase"]
[SourceQuality "1"]
[WhiteTeam "Germany"]
[BlackTeam "Russia"]
[WhiteTeamCountry "GER"]
[BlackTeamCountry "RUS"]
[TimeControl "40/5400+30:1800+30"]

1. d4 e6 2. c4 f5 3. Nc3 Nf6 4. Nf3 Bb4 5. Bd2 O-O 6. e3 b6 7. g3 Bb7 8. Bg2 d6 9. O-O Qe7 10. a3 Bxc3 11. Bxc3 Nbd7 12. Qc2 Ne4 13. Nd2 Ndf6 14. Nxe4 Bxe4 15. Bxe4 Nxe4 16. f3 Ng5 17. h4 Nf7 18. Rae1 Qf6 19. Qh2 e5 20. dxe5 dxe5 21. g4 fxg4 22. fxg4 Qe6 23. Qg3 Qxc4 24. g5 Qe4 25. h5 Rae8 26. g6 hxg6 27. hxg6 Nh8 28. Rxf8+ Rxf8 29. Bxe5 Nxg6 30. Bxc7 Nh4 31. Bf4 Nf3+ 32. Kf2 Nxe1 33. Kxe1 Qb1+ 34. Kf2 Qxb2+ 35. Kg1 Rc8 36. e4 Qb1+ 37. Kh2 Rc2+ 38. Kh3 Qh1+ 0-1

[Event "ESTCC U65 2018"]
[Site "Walbrzych"]
[Date "2018.04.22"]
[Round "9"]
[White "Andersson, Finn"]
[Black "Lindholm, Pertti"]
[Result "1-0"]
[ECO "B92"]
[WhiteElo "1719"]
[BlackElo "1624"]
[Annotator "NA"]
[PlyCount "75"]
[EventDate "2018.??.??"]
[EventCountry "POL"]
[SourceTitle "playchess.com"]
[Source "ChessBase"]
[SourceQuality "1"]
[WhiteTeam "Denmark"]
[BlackTeam "Finland"]
[WhiteTeamCountry "DEN"]
[BlackTeamCountry "FIN"]
[TimeControl "40/5400+30:1800+30"]

1. e4 c5 2. Nf3 d6 3. d4 cxd4 4. Nxd4 Nf6 5. Nc3 a6 6. Be2 e5 7. Nb3 Be6 8. Bg5 Be7 9. Qd2 Bxb3 10. axb3 O-O 11. O-O Nc6 12. Kh1 Nd4 13. Bd3 Nh5 14. Be3 f5 15. exf5 Qd7 16. Bc4+ Kh8 17. Bxd4 exd4 18. Nd5 Bd8 19. Qxd4 Qxf5 20. Bd3 Qf7 21. Qe4 g6 22. f4 Nf6 23. Nxf6 Bxf6 24. Bc4 Qg7 25. c3 Rae8 26. Qf3 Be5 27. Rae1 b5 28. Bd5 Bf6 29. b4 g5 30. g3 g4 31. Qf2 Rd8 32. Qb6 h5 33. Qxa6 h4 34. Qxb5 hxg3 35. hxg3 Qh7+ 36. Kg1 Qc2 37. Be4 Qxb2 38. Qh5+ 1-0

[Event "ESTCC U65 2018"]
[Site "Walbrzych"]
[Date "2018.04.22"]
[Round "9"]
[White "Heikkila, Raine"]
[Black "Jorgensen, Arne Bjorn"]
[Result "0-1"]
[ECO "A45"]
[WhiteElo "1705"]
[BlackElo "1956"]
[Annotator "NA"]
[PlyCount "88"]
[EventDate "2018.??.??"]
[EventCountry "POL"]
[SourceTitle "playchess.com"]
[Source "ChessBase"]
[SourceQuality "1"]
[WhiteTeam "Finland"]
[BlackTeam "Denmark"]
[WhiteTeamCountry "FIN"]
[BlackTeamCountry "DEN"]
[TimeControl "40/5400+30:1800+30"]

1. d4 Nf6 2. Nc3 d5 3. Nf3 e6 4. Bg5 Nbd7 5. a3 {D01: Veresov Opening} (5. e4 h6 6. Bxf6 Nxf6 7. e5 Nd7 8. Ne2 c5 9. c3 Be7 10. a3 Qb6 11. Qd2 Nb8 12. dxc5 Bxc5 {½-½ (31) Vallejo Pons,F (2696)-Sargissian,G (2678) Ohrid 2009}) 5... c5 6. dxc5 Bxc5 7. e3 O-O 8. Bd3 h6 $146 ({Predecessor:} 8... Be7 9. O-O Nc5 10. Re1 Bd7 11. Ne5 Rc8 {0-1 (65) Day,L-Janata,M Lugano 1968}) 9. Bh4 a6 10. b4 Be7 11. O-O b5 12. Ne2 Bb7 13. c3 e5 14. Bf5 Rc8 15. Rc1 Ra8 16. Bb1 e4 17. Nfd4 Ne5 18. Nf5 Rc8 19. Ned4 Qd7 20. Nxe7+ Qxe7 21. Qe2 Rc7 22. f3 exf3 23. Nxf3 Neg4 24. Rfe1 Re8 25. Qd3 g6 26. h3 Ne5 27. Qd4 Rc4 28. Bxf6 Qxf6 29. Qd1 Nxf3+ 30. gxf3 Rxc3 31. Rxc3 Qxc3 32. Kf2 Qe5 33. f4 Qe7 34. Qg4 Bc8 35. Qg3 Qf6 36. Re2 Bf5 37. Ba2 $19 (37. Bxf5 Qxf5 38. Rd2) 37... Be4 38. Rd2 Qc3 39. Ke2 Qxa3 40. Bxd5 Bxd5 41. Rxd5 Qxb4 42. h4 Qc4+ 43. Rd3 Rd8 44. e4 Qc2+ 0-1